 Dungeon Crawl Stone Soup version 0.31.0-11-ge490571c62 (webtiles) character file.

Game seed: 117983739090889855

194676 tilp the Executioner (level 18, -25/138 HPs)
             Began as a Minotaur Berserker on Jan 30, 2024.
             Was an Elder of Trog.
             Annihilated by Agnes
             ... wielding a +0 lajatang of distortion
              (27 damage)
             ... on level 3 of the Snake Pit.
             The game lasted 00:48:58 (34811 turns).

tilp the Executioner (Minotaur Berserker)          Turns: 34811, Time: 00:48:59

Health: -25/138    AC: 20    Str: 25 (27) XL:     18   Next: 10%
Magic:  17/17      EV: 12    Int: -2 (0)  God:    Trog [****..]
Gold:   1388       SH:  5    Dex: 16      Spells: 17/17 levels left

rFire   + + +        a - +8 executioner's axe (elec)
rCold   x . .        (shield currently unavailable)
rNeg    . . .        K - +4 gold dragon scales
rPois   +            m - +0 mask of the Dragon {Will+ Slay+3 SInv}
rElec   .            G - scarf {rC+ rF+}
rCorr   .            M - +2 pair of gloves {Dex+3}
SInv    +            k - +0 pair of boots
Will    +++..        l - amulet of reflection Stlth
                     t - ring of willpower
HPRegen 0.43/turn    q - ring of protection from fire
MPRegen 0.15/turn

%: reflection
@: on berserk cooldown, slowed, lost intelligence, unable to read, very slow
A: horns 2, retaliatory headbutt, [deformed body], [deterioration 2], [dopey 2],
[frail 2], [cold vulnerability 3], [persistent drain]
a: Renounce Religion, Berserk, Trog's Hand, Brothers in Arms


You were on level 3 of the Snake Pit.
You worshipped Trog.
Trog was greatly pleased with you.
You visited 5 branches of the dungeon, and saw 27 of its levels.
You visited the Abyss 1 time.
You also visited: Gauntlet and Ice Cave.

You collected 3272 gold pieces.
You spent 1884 gold pieces at shops.

Inventory:

Hand Weapons
 a - a +8 executioner's axe of electrocution (weapon)
 b - a +3 heavy executioner's axe
Missiles
 r - 22 boomerangs (quivered)
 s - 27 poisoned darts
 A - 6 atropa-tipped darts
 F - 10 javelins
 T - 3 curare-tipped darts
Armour
 i - the +5 scale mail of Leapfrog {Rampage Str+3 Int-2 Dex+7}
   (You found it on level 2 of the Dungeon)

   Str+3:     It affects your strength (+3).
   Int-2:     It affects your intelligence (-2).
   Dex+7:     It affects your dexterity (+7).
   Rampage:   It bestows one free step when moving towards enemies.
 k - a +0 pair of boots (worn)
 m - the +0 mask of the Dragon (worn) {Will+ Slay+3 SInv}
   (You bought it in a shop on level 6 of the Dungeon)

   Slay+3:    It affects your accuracy & damage with ranged weapons and melee
   (+3).
   Will+:     It increases your willpower.
   SInv:      It lets you see invisible.
 E - a +0 cloak
 G - a scarf of resistance (worn)
 K - +4 gold dragon scales (worn)
 M - a +2 pair of gloves of dexterity (worn)
Jewellery
 l - an amulet of reflection (around neck)
 q - a ring of protection from fire (right hand)
 t - a ring of willpower (left hand)
 R - an amulet of the acrobat
Wands
 y - a wand of light (15)
 D - a wand of digging (17)
 N - a wand of charming (8)
 P - a wand of flame (56)
 U - a wand of iceblast (12)
 W - a wand of polymorph (5)
 X - a wand of mindburst (24)
Scrolls
 c - 6 scrolls of identify
 e - 2 scrolls of fear
 g - 3 scrolls of blinking
 j - 5 scrolls of vulnerability
 p - 15 scrolls of teleportation
 w - 5 scrolls of immolation
 C - 2 scrolls of poison
 I - a scroll of silence
 J - 4 scrolls of fog
 L - 4 scrolls of revelation
 Q - a scroll of brand weapon
Potions
 d - 2 potions of magic
 f - 4 potions of haste
 h - 3 potions of berserk rage
 n - 2 potions of lignification
 o - 4 potions of heal wounds
 u - a potion of enlightenment
 v - a potion of resistance {unknown}
 x - 8 potions of mutation
 z - 9 potions of might
 H - 3 potions of attraction
 O - a potion of cancellation
 S - 2 potions of curing
 V - 5 potions of invisibility
Miscellaneous
 B - a phial of floods


   Skills:
 + Level 18.7 Fighting
 - Level 24.0 Axes
 - Level 12.0 Throwing
 + Level 9.9 Armour
 + Level 18.9 Dodging
 - Level 4.0 Stealth
 + Level 6.0 Evocations


You had 17 spell levels left.
You didn't know any spells.
Your spell library was empty.

Dungeon Overview and Level Annotations

Branches:
Dungeon (15/15)            Temple (0/1) D:5            Lair (5/5) D:8
 Shoals (0/4) Lair:2        Snake (3/4) Lair:3        Slime (0/5) Lair:4
    Orc (2/2) D:12            Elf (2/3) Orc:2        Vaults (0/5) D:13
 Depths (0/4) D:15          IceCv (visited)         Gauntlet (visited)

Altars:
Ashenzari
Qazlal
Uskayaw
Vehumet
Jiyva

Shops:
D:2 ?   D:6 =[(   D:10 [([(   D:12 (:   D:15 *   Orc:1 :   Orc:2 [:[?   Elf:1 (

Annotations:
D:12 3 runed translucent doors
Snake:3 Agnes
Elf:1 20 runed translucent doors
Elf:2 3 runed translucent doors


Innate Abilities, Weirdness & Mutations

You have a pair of horns on your head.
You reflexively headbutt those who attack you in melee.
[Armour fits poorly on your strangely shaped body.]
[Your body often deteriorates upon taking damage.]
[You are very dopey. (Int -4)]
[You are very frail. (-20% HP)]
[You are extremely vulnerable to cold. (rC---)]
[Your health recovers twice as slowly from being drained.]


Message History

A gateway leading out of the Abyss.
There is a cloud of translocational energy here.
A red film seems to cover your vision as you go berserk!
You feel yourself moving faster!
You feel mighty!
You feel a strong urge to attack something.
You pass through the gate.
Welcome back to the Snake Pit!
Level annotation: Agnes Agnes hits you with a +0 lajatang of distortion!
You blink.
Unknown command.
Unknown command.
You feel your anger nearly subside.
You are no longer berserk.
You are exhausted.
You feel yourself slow down. Agnes barely misses you.
You slash Agnes!
Agnes is lightly wounded.
Agnes hits you with a +0 lajatang of distortion!!
Your body deteriorates!
You feel dopey. Space warps horribly around you!
Your body deteriorates!
You feel dopey. You block Agnes's attack.
You slice Agnes!! Your headbutt misses Agnes.
Agnes is moderately wounded.
Agnes closely misses you. You furiously retaliate!
You headbutt Agnes!!
Agnes hits you with a +0 lajatang of distortion!!
Your body deteriorates!
You feel weakened. Space warps horribly around you!
* * * LOW HITPOINT WARNING * * *
You miss Agnes.
Agnes is heavily wounded.
Agnes hits you with a +0 lajatang of distortion!!
* * * LOW HITPOINT WARNING * * *
Space warps horribly around you!!
* * * LOW HITPOINT WARNING * * *
Your body deteriorates!
You feel weakened.
Agnes hits you with a +0 lajatang of distortion!!
You die...
Agnes says, "May you follow the Path of Peace in your next life."

## #.#
##.#
##.#
##.(#
#...#
#..@#
##.i##
#...#
#...
##<.##
#...
##..##
#..#
##..##
#..#
##..##
#..
##..##
#.#
##..##
##.#


You could see Agnes.

Vanquished Creatures
  Saint Roka (Snake:3)
  2 liches (Abyss:3)
  A tentacled starspawn (Abyss:3)
  Kirke (Lair:3)
  Aizul (Snake:3)
  2 thorn hunters (Snake:2)
  A nagaraja (Snake:3)
  A draconian knight (Abyss:3)
  A frost giant (IceCv)
  An orc warlord (Orc:2)
  2 deep elf death magi (Elf:2)
  A deep elf demonologist (Elf:1)
  A lorocyproca (Abyss:3)
  A minotaur (Gauntlet)
  Nessos (D:13)
  Snorg (Orc:2)
  A fire dragon (D:10)
  Josephine (Orc:1)
  7 hydras
  An ogre mage (D:15)
  4 alligators (Snake:2)
  3 catoblepae
  2 salamander tyrants (Snake:3)
  7 centaur warriors
  7 dancing weapons
  5 boulder beetles
  4 naga warriors
  7 two-headed ogres
  6 anacondas
  18 death yaks
  A titan zombie (Abyss:3)
  2 orc high priests (D:12)
  A tengu warrior (D:15)
  A deep troll earth mage (D:15)
  8 naga sharpshooters
  6 deep elf knights
  A wretched star (Abyss:3)
  Urug (Lair:5)
  3 shock serpents
  A spatial maelstrom (Abyss:3)
  5 skeletal warriors (D:13)
  2 salamander mystics (Snake:3)
  3 goliath frogs
  6 skysharks
  3 sea snakes (Snake:2)
  An arcanist (D:15)
  A deep troll (D:10)
  2 swamp dragons (Snake:2)
  4 naga ritualists
  7 mana vipers
  9 deep elf archers
  2 lindwurms (Lair:3)
  4 orc knights
  16 deep elf pyromancers
  7 ugly things
  23 deep elf zephyrmancers
  19 elephants
  6 cyclopes
  12 salamanders
  3 large abominations (Abyss:3)
  4 kobold blastminers
  An ice statue (IceCv)
  3 meliai (D:15)
  An eye of devastation (Gauntlet)
  A titan simulacrum (Abyss:3)
  7 naga magi
  2 smoke demons
  24 cane toads
  28 black mambas
  A gargoyle (D:11)
  Jeremiah (Lair:1)
  10 rime drakes
  An unseen horror (D:12)
  An unseen horror (shapeshifter) (D:13)
  2 torpor snails
  9 komodo dragons
  A kobold demonologist (D:9)
  A freezing wraith (D:14)
  2 ice devils (Lair:4)
  An ancient zyme (Abyss:3)
  A tengu conjurer (D:15)
  6 trolls
  A red devil (Gauntlet)
  3 merfolk (Lair:2)
  4 hornets
  8 polar bears
  20 blink frogs
  A glass eye (Gauntlet)
  11 dream sheep
  5 slime creatures
  2 shadows
  3 air elementals
  7 wraiths
  5 wyverns
  2 water elementals (Elf:2)
  9 wargs
  3 basilisks
  Eustachio (D:5)
  3 hogs (Lair:3)
  65 yaks
  15 humans (D:13)
  A steam dragon (D:10)
  A fire elemental (Elf:1)
  8 vampire mosquitoes
  5 swamp worms (Snake:2)
  20 nagas
  An acid dragon (D:8)
  14 water moccasins
  40 orc warriors
  4 laughing skulls
  A black bear (D:6)
  A swamp drake (Snake:2)
  4 ice beasts
  4 ogres
  7 centaurs
  39 wolves
  2 phantoms (D:5)
  3 weeping skulls (Abyss:3)
  20 bullfrogs
  A scorpion (D:3)
  3 small abominations (Abyss:3)
  8 wights
  17 killer bees
  3 electric eels
  2 howler monkeys
  4 crimson imps (Gauntlet)
  13 jellies (Lair:4)
  5 hounds
  20 orc priests
  A gnoll bouda (D:6)
  Natasha (thrice) (D:4)
  4 iguanas
  22 orc wizards
  6 gnolls
  6 adders
  A shadow imp (D:5)
  A white imp (D:7)
  A dart slug (D:5)
  2 ribbon worms (D:3)
  87 orcs
  2 ball pythons
  8 bats
  4 endoplasms
  A giant cockroach (D:1)
  4 goblins
  6 hobgoblins
  13 jackals
  5 kobolds
  7 quokkas
  6 frilled lizards
  12 rats
981 creatures vanquished.

Vanquished Creatures (collateral kills)
  4 blink frogs
  A warg (Snake:3)
  A yak (Lair:3)
  A basilisk (Lair:3)
  2 orcs (Snake:3)
9 creatures vanquished.

Vanquished Creatures (others)
  3 humans
  A water moccasin (Lair:3)
4 creatures vanquished.

Grand Total: 994 creatures vanquished

Notes
Turn   | Place    | Note
-------+----------+-------------------------------------------
     0 | D:1      | tilp the Minotaur Berserker began the quest for the Orb.
     0 | D:1      | Reached XP level 1. HP: 19/19 MP: 0/0
   106 | D:1      | Reached XP level 2. HP: 14/27 MP: 1/1
   183 | D:1      | Reached skill level 4 in Axes
   773 | D:2      | Reached XP level 3. HP: 31/33 MP: 2/2
   773 | D:2      | Identified the +5 scale mail of Leapfrog {Rampage Str+3
                  | Int-2 Dex+7}
   841 | D:2      | Reached skill level 1 in Stealth
   940 | D:2      | Reached ** piety under Trog
  1134 | D:2      | Found Nuvoitai's Magic Scroll Boutique.
  1137 | D:2      | Bought a scroll of blinking for 97 gold pieces
  1469 | D:3      | Reached XP level 4. HP: 40/40 MP: 3/3
  1485 | D:3      | Noticed a scorpion
  1491 | D:3      | Killed a scorpion
  1492 | D:3      | Reached skill level 5 in Axes
  1518 | D:3      | Reached XP level 5. HP: 47/47 MP: 4/4
  1530 | D:3      | You fall into a shaft and drop 1 floor!
  1774 | D:3      | Found a faded altar of an unknown god.
  1910 | D:3      | Reached *** piety under Trog
  2098 | D:2      | Bought a scroll of teleportation for 39 gold pieces
  2316 | D:4      | Noticed Natasha
  2323 | D:4      | Killed Natasha
  2387 | D:4      | Reached XP level 6. HP: 53/53 MP: 5/5
  2820 | D:4      | Noticed Natasha
  2826 | D:4      | Killed Natasha
  2974 | D:4      | Noticed Natasha
  2985 | D:4      | Killed Natasha
  2986 | D:4      | Reached skill level 6 in Axes
  3010 | D:5      | Entered Level 5 of the Dungeon
  3146 | D:5      | Reached skill level 1 in Throwing
  3150 | D:5      | Reached skill level 5 in Fighting
  3332 | D:5      | Identified the +5 ring mail of the Soldier {rN+ Dex+2}
  3359 | D:5      | Noticed Eustachio
  3366 | D:5      | Killed Eustachio
  3367 | D:5      | Reached skill level 7 in Axes
  3367 | D:5      | Reached XP level 7. HP: 61/61 MP: 6/6
  3466 | D:5      | Found a staircase to the Ecumenical Temple.
  4003 | D:6      | Found Obiokoigah's Antique Weapon Shoppe.
  4194 | D:6      | Reached skill level 8 in Axes
  4194 | D:6      | Found Ecolu's Armour Emporium.
  4204 | D:6      | Reached **** piety under Trog
  4205 | D:6      | Reached XP level 8. HP: 67/71 MP: 7/7
  4260 | D:6      | Found Egiudghao's Jewellery Shoppe.
  4329 | D:6      | Reached skill level 9 in Axes
  4539 | D:2      | Bought a scroll of brand weapon for 123 gold pieces
  4867 | D:7      | Reached skill level 10 in Axes
  5121 | D:7      | Noticed a hornet
  5131 | D:7      | Killed a hornet
  5132 | D:7      | Reached XP level 9. HP: 81/81 MP: 8/8
  5292 | D:7      | Reached skill level 11 in Axes
  5631 | D:8      | Identified the +4 mace of Geklongao {chaos, +Blink rF-
                  | Will- Str+6 Int+8}
  5775 | D:8      | Reached skill level 12 in Axes
  5961 | D:8      | Reached skill level 13 in Axes
  5989 | D:8      | Reached skill level 14 in Axes
  6030 | D:8      | Found a staircase to the Lair.
  6546 | D:9      | Reached XP level 10. HP: 67/88 MP: 9/9
  6851 | D:9      | Noticed a soul eater
  6854 | D:9      | Noticed a smoke demon
  6856 | D:9      | Reached skill level 5 in Armour
  6970 | D:9      | Reached skill level 5 in Dodging
  7002 | D:9      | Found a radiant altar of Vehumet.
  7275 | D:10     | Entered Level 10 of the Dungeon
  7299 | D:10     | Found Jajumnoripn's Antique Armour Shoppe.
  7483 | D:10     | Found Okky Zan's Weapon Shoppe.
  7539 | D:10     | Reached ***** piety under Trog
  7898 | D:10     | Noticed a boulder beetle
  7898 | D:10     | Noticed a fire dragon
  7898 | D:10     | Noticed a boulder beetle
  7898 | D:10     | Noticed a deep troll
  7909 | D:10     | Killed a fire dragon
  7910 | D:10     | Reached skill level 15 in Axes
  7910 | D:10     | Reached XP level 11. HP: 99/99 MP: 10/10
  7915 | D:10     | Killed a deep troll
  7916 | D:10     | Reached skill level 10 in Fighting
  7920 | D:10     | Killed a boulder beetle
  7949 | D:10     | Killed a boulder beetle
  8194 | D:10     | Found Oteleir's Antique Weapon Shoppe.
  8631 | D:10     | Found Boschuon's Antique Armour Shop.
  8687 | D:11     | Noticed a two-headed ogre
  8696 | D:11     | Killed a two-headed ogre
  9070 | D:11     | Found a stormy altar of Qazlal.
  9156 | D:11     | Noticed a boulder beetle
  9170 | D:11     | Killed a boulder beetle
  9235 | D:11     | Noticed a red ugly thing
  9241 | D:11     | Killed a red ugly thing
  9242 | D:11     | Reached skill level 16 in Axes
  9353 | D:11     | Noticed a two-headed ogre
  9359 | D:11     | Killed a two-headed ogre
  9808 | Lair:1   | Entered Level 1 of the Lair of Beasts
 10015 | Lair:1   | Reached skill level 17 in Axes
 10015 | Lair:1   | Reached XP level 12. HP: 95/112 MP: 11/11
 10272 | D:6      | Bought the +0 mask of the Dragon {Will+ Slay+3 SInv} for
                  | 400 gold pieces
 10272 | D:6      | Found the +0 mask of the Dragon {Will+ Slay+3 SInv}
 10321 | Lair:1   | Noticed Jeremiah
 10350 | Lair:1   | Killed Jeremiah
 10542 | Lair:1   | Reached skill level 18 in Axes
 11255 | Lair:2   | Noticed a boulder beetle
 11265 | Lair:2   | Reached skill level 19 in Axes
 11266 | Lair:2   | Killed a boulder beetle
 11282 | Lair:2   | Found a gate leading to a gauntlet.
 11291 | Gauntlet | Entered a Gauntlet
 11291 | Gauntlet | Noticed a dire elephant
 11291 | Gauntlet | Found a transporter.
 11291 | Gauntlet | Found a transporter.
 11412 | Gauntlet | Found a transporter.
 11415 | Gauntlet | Found a transporter.
 11421 | Gauntlet | Noticed a hell beast
 11426 | Gauntlet | Found a transporter.
 11452 | Gauntlet | Found a transporter.
 11455 | Gauntlet | Found a transporter.
 11475 | Gauntlet | Found a transporter.
 11512 | Gauntlet | Found a transporter.
 11522 | Gauntlet | Found a transporter.
 11537 | Gauntlet | Found a transporter.
 11547 | Gauntlet | Found a transporter.
 11869 | Gauntlet | Reached skill level 20 in Axes
 12059 | Gauntlet | Noticed a minotaur
 12069 | Gauntlet | Killed a minotaur
 12069 | Gauntlet | Received a gift from Trog
 12327 | Lair:2   | Identified the staff of Myrurrext {rElec rPois Dex+3 Air}
 12378 | Lair:2   | Reached skill level 1 in Evocations
 12461 | Lair:2   | Reached XP level 13. HP: 117/118 MP: 12/12
 13625 | Lair:2   | Found a staircase to the Shoals.
 13847 | Lair:3   | Reached skill level 5 in Throwing
 14069 | Lair:3   | Noticed Kirke
 14083 | Lair:3   | Killed Kirke
 14601 | Lair:3   | Found a staircase to the Snake Pit.
 15120 | Lair:4   | Found a staircase to the Slime Pits.
 15251 | Lair:4   | Reached XP level 14. HP: 64/129 MP: 13/13
 15262 | Lair:4   | Reached skill level 10 in Dodging
 15475 | Lair:4   | Found a viscous altar of Jiyva.
 15567 | Lair:4   | Found a frozen archway.
 15593 | IceCv    | Entered an ice cave
 16893 | IceCv    | Noticed a frost giant
 16911 | IceCv    | Killed a frost giant
 17897 | D:2      | Bought a scroll of identify for 26 gold pieces
 17897 | D:2      | Bought 3 scrolls of identify for 78 gold pieces
 17897 | D:2      | Bought a scroll of identify for 26 gold pieces
 17897 | D:2      | Bought a scroll of identify for 26 gold pieces
 18110 | Lair:5   | Entered Level 5 of the Lair of Beasts
 18136 | Lair:5   | Reached skill level 15 in Fighting
 18428 | Lair:5   | Reached XP level 15. HP: 85/141 MP: 14/14
 18442 | Lair:5   | Received a gift from Trog
 18502 | Lair:5   | Noticed Urug
 18511 | Lair:5   | Killed Urug
 18679 | Lair:5   | Reached skill level 10 in Throwing
 18940 | Lair:5   | Identified the +0 robe "Acruge Lumu" {rPois rN+++ Will-
                  | Dex+2}
 19852 | D:2      | Bought a scroll of enchant weapon for 97 gold pieces
 20063 | D:12     | Found a staircase to the Orcish Mines.
 20063 | D:12     | Found Zaistrorch's Weapon Boutique.
 20104 | D:12     | Found a transporter.
 20128 | D:12     | Found a transporter.
 20153 | D:12     | Found Tite's Vocational Training.
 20314 | D:12     | Found a runed translucent gate.
 20314 | D:12     | Found a runed translucent gate.
 20314 | D:12     | Found a runed translucent gate.
 20884 | Orc:1    | Entered Level 1 of the Orcish Mines
 21099 | Orc:2    | Entered Level 2 of the Orcish Mines
 21135 | Orc:2    | Reached skill level 21 in Axes
 21851 | Orc:2    | Found a staircase to the Elven Halls.
 21907 | Orc:2    | Noticed Snorg
 21909 | Orc:2    | Reached ****** piety under Trog
 21921 | Orc:2    | Killed Snorg
 22377 | Orc:2    | Found Jitsynly's Antique Armour Emporium.
 22377 | Orc:2    | Found Joganuha's Book Boutique.
 22379 | Orc:2    | Found Suukkye's Antique Armour Shop.
 22381 | Orc:2    | Found Itseceis's Magic Scroll Shoppe.
 22393 | Orc:2    | Bought a scroll of noise for 12 gold pieces
 22489 | Orc:1    | Found Nien's Book Emporium.
 22496 | Orc:1    | Received a gift from Trog
 22514 | Orc:1    | Noticed Josephine
 22522 | Orc:1    | Killed Josephine
 22924 | Orc:2    | Bought a manual of Dodging for 960 gold pieces
 23001 | D:13     | Noticed Nessos
 23001 | D:13     | Found a gate to the Vaults.
 23396 | D:13     | Killed Nessos
 23755 | D:13     | Identified the +6 sling "Zise" {antimagic, Int+3}
 23865 | D:13     | Reached XP level 16. HP: 154/154 MP: 15/15
 24599 | D:14     | Identified the +3 chain mail of the End {rPois rC++ Dex+2}
 24813 | D:15     | Entered Level 15 of the Dungeon
 25438 | D:15     | Found a broken altar of Ashenzari.
 25445 | D:15     | Reached skill level 22 in Axes
 25597 | D:15     | Identified the +6 hand axe of the Doomed Warrior {holy, rC+
                  | Int+3}
 25694 | D:15     | Found a staircase to the Depths.
 25930 | D:15     | Found Wotafyp's General Store.
 26112 | Elf:1    | Entered Level 1 of the Elven Halls
 26121 | Elf:1    | Received a gift from Trog
 26535 | Elf:1    | Found a huge runed translucent gate.
 26536 | Elf:1    | Found a huge runed translucent gate.
 26537 | Elf:1    | Found a huge runed translucent gate.
 26537 | Elf:1    | Found a huge runed translucent gate.
 26538 | Elf:1    | Found a huge runed translucent gate.
 26539 | Elf:1    | Found a huge runed translucent gate.
 26539 | Elf:1    | Found a huge runed translucent gate.
 26539 | Elf:1    | Found a huge runed translucent gate.
 26539 | Elf:1    | Found a huge runed translucent gate.
 26539 | Elf:1    | Found a huge runed translucent gate.
 26693 | Elf:1    | Found a huge runed translucent gate.
 26876 | Elf:1    | Paralysed by an air elemental for 1 turns
 26880 | Elf:1    | Paralysed by an air elemental for 1 turns
 26946 | Elf:1    | Found Nemich's Weapon Shoppe.
 27035 | Elf:1    | Found a huge runed translucent gate.
 27035 | Elf:1    | Found a huge runed translucent gate.
 27035 | Elf:1    | Found a huge runed translucent gate.
 27037 | Elf:1    | Found a huge runed translucent gate.
 27038 | Elf:1    | Found a huge runed translucent gate.
 27038 | Elf:1    | Found a huge runed translucent gate.
 27038 | Elf:1    | Found a huge runed translucent gate.
 27038 | Elf:1    | Found a huge runed translucent gate.
 27038 | Elf:1    | Found a huge runed translucent gate.
 27039 | Elf:1    | Noticed a deep elf blademaster
 27915 | Elf:2    | Received a gift from Trog
 28250 | Elf:2    | Reached skill level 23 in Axes
 28550 | Elf:2    | Paralysed by an air elemental for 1 turns
 28555 | Elf:2    | Paralysed by an air elemental for 1 turns
 28781 | Elf:2    | Received a gift from Trog
 28800 | Elf:2    | Reached skill level 15 in Dodging
 28991 | Elf:2    | Found a runed translucent gate.
 28991 | Elf:2    | Found a runed translucent gate.
 28991 | Elf:2    | Found a runed translucent gate.
 29402 | Snake:1  | Entered Level 1 of the Snake Pit
 29717 | Snake:1  | Reached XP level 17. HP: 153/163 MP: 16/16
 30959 | Snake:2  | Reached skill level 24 in Axes
 31064 | Snake:2  | Received a gift from Trog
 31384 | Snake:2  | Found a hide-covered altar of Uskayaw.
 32902 | Snake:2  | Identified the +7 rapier of Tension {freeze, ^Drain rElec
                  | Will++ Stlth+}
 33471 | Snake:3  | Identified the serpent talisman of Pandemonium {rN+ Str+5
                  | Int-2}
 33471 | Snake:3  | Noticed Aizul
 33482 | Snake:3  | Killed Aizul
 33663 | Snake:3  | Reached skill level 5 in Evocations
 33663 | Snake:3  | Received a gift from Trog
 34096 | Snake:3  | Noticed Saint Roka
 34112 | Snake:3  | Killed Saint Roka
 34410 | Snake:3  | Noticed Agnes
 34414 | Abyss:3  | Cast into level 3 of the Abyss (Agnes)
 34458 | Abyss:3  | Found a corrupted altar of Lugonu.
 34473 | Abyss:3  | Found a corrupted altar of Lugonu.
 34482 | Abyss:3  | Noticed a lich
 34492 | Abyss:3  | Killed a lich
 34559 | Abyss:3  | Noticed a lich
 34568 | Abyss:3  | Killed a lich
 34569 | Abyss:3  | Reached XP level 18. HP: 110/173 MP: 17/17
 34723 | Abyss:3  | Found a corrupted altar of Lugonu.
 34794 | Abyss:3  | Lost intelligence.
 34806 | Snake:3  | Escaped the Abyss
 34811 | Snake:3  | HP: 2/138 [Agnes/+0 lajatang of distortion (26)]
 34811 | Snake:3  | Annihilated by Agnes

Illustrated notes

Levels and vault maps discovered:
D:1:      wander_arrival_fairy_ring, layout_basic, minmay_liquid_box
D:2:      layout_loops_ring, serial_shops, nicolae_shop_rolled_up
D:3:      layout_rooms, ebering_ecumenical_altar_mist,
          chequers_serial_rivers_room_a
D:4:      layout_basic, uniq_natasha
D:5:      layout_basic, temple_green, serial_bayou_pond_e, uniq_eustachio
D:6:      layout_rooms, serial_shops, nicolae_square_shop, shop, shop
D:7:      layout_basic, grunt_decor_clamped
D:8:      layout_basic, lair_entry_dummy, minmay_misc_feat_rugged
D:9:      layout_rooms, mainiacjoe_overflow_brackets
D:10:     layout_gridville, serial_shops, nicolae_shop_overgrown_old_shop,
          nicolae_shop_tiny_waterfront, kennysheep_little_box, shop,
          minivault_25_ag
D:11:     minmay_skewed_foursquare, layout_irregular_city,
          nicolae_qazlal_scattered_showers
D:12:     gammafunk_beogh_shrine, layout_cave_pools, orc_david_3,
          ploomutoo_gammafunk_ghost_potion_laboratory, minivault_1,
          nicolae_shop_vocational
D:13:     layout_loops_ring, david_vaults_3
D:14:     layout_roguey, hex_tiny
D:15:     hellmonk_depths_entry_around_the_bend, layout_cave_pools,
          serial_shops, nicolae_shop_back_alley_shop, ashenzari_altar_1,
          st_stairs_7
Lair:1:   layout_misc_corridors, pdpol_lair_neglected_garden,
          minmay_stone_trees_small, st_stairs_7, serial_bayou_shore_b,
          uniq_jeremiah
Lair:2:   layout_hall_layers, mainiacjoe_shoals_entry_four_pools,
          gauntlet_entry_generic, nicolae_quartered_pool_super
Lair:3:   layout_loops_ring, guppyfry_snake_entry_garden, nicolae_lair_lindhole,
          grunt_megastairs_1, serial_bayou_shore_b, uniq_kirke
Lair:4:   nzn_winding_woodlands_small [nzn_winding_woodlands_5x15_split_checker,
          nzn_winding_woodlands_center_garden,
          nzn_winding_woodlands_5x15_cabin], layout_long_grid,
          minmay_slime_entry_jelly_boxes, portal_ice_cave_demonic_guard
Lair:5:   minmay_lair_end_frog_pond, layout_regular_city, uniq_urug
Snake:1:  layout_misc_corridors
Snake:2:  onia_ninara_swampy_vault, layout_chambers, basic_altar,
          statue_in_the_mist_lemuel, nicolae_snake_springs
Snake:3:  layout_layer_cave, minmay_shop_grove, uniq_agnes, uniq_aizul,
          uniq_saint_roka
Orc:1:    layout_caves, serial_shops, nicolae_square_shop, uniq_josephine
Orc:2:    st_orc_rangers, layout_caves, basic_altar, uniq_snorg
Elf:1:    eino_elf_arrival_the_gate, layout_loops_corners, serial_shops,
          nicolae_shop_bloodbath_and_beyond, hangedman_elf_represent
Elf:2:    nicolae_elf_blades_splatter_lattice
          [nicolae_blade_entry_floor_patterns], layout_geoelf_diagonals,
          uniq_nikola, uniq_azrael

Skill      XL: |  1  2  3  4  5  6  7  8  9 10 11 12 13 14 15 16 17 18 |
---------------+-------------------------------------------------------+-----
Axes           | 4 5 7 8 10 14 15 17 20 21 23 24 | 24.0
Fighting       | 4 5 6 8 9 12 13 15 16 18 | 18.7
Stealth        | 1 2 4 |  4.0
Dodging        | 3 4 6 8 9 12 15 18 | 18.9
Throwing       | 2 4 6 9 11 12 | 12.0
Armour         | 3 4 6 8 9 |  9.9
Evocations     | 1 4 5 6 |  6.0

Action                     |  1- 3 |  4- 6 |  7- 9 | 10-12 | 13-15 | 16-18 || total
---------------------------+-------+-------+-------+-------+-------+-------++-------
  Melee: Hand axe          |    86 |   133 |   185 |       |       |       ||   404
         Headbutt          |    10 |    25 |    50 |    71 |   181 |   123 ||   460
         Punch             |       |     4 |     3 |       |       |       ||     7
         Battleaxe         |       |       |    19 |   339 |   552 |       ||   910
         Broad axe         |       |       |       |       |     7 |       ||     7
         Executioner's axe |       |       |       |       |   241 |   567 ||   808
  Throw: Dart              |       |       |     3 |       |     3 |       ||     6
         Boomerang         |       |       |       |       |    13 |    17 ||    30
 Invoke: Berserk           |     1 |     2 |     7 |     9 |    12 |    16 ||    47
         Trog's Hand       |       |       |       |     3 |     9 |     7 ||    19
         Brothers in Arms  |       |       |       |       |     4 |     4 ||     8
  Evoke: Wand              |       |       |       |       |     1 |       ||     1
         Phial of floods   |       |       |       |       |       |     1 ||     1
    Use: Scroll            |     4 |     2 |     5 |     6 |    14 |     5 ||    36
         Potion            |       |       |       |       |     1 |       ||     1
 Armour: Animal skin       |    13 |       |       |       |       |       ||    13
         Ring mail         |    16 |       |       |       |       |       ||    16
         Scale mail        |    13 |    79 |   111 |   106 |       |       ||   309
         Chain mail        |       |       |       |   110 |    21 |       ||   131
         Gold dragon scale |       |       |       |       |   749 |   580 ||  1329
  Dodge: Dodged            |    40 |    72 |    80 |   162 |   298 |   251 ||   903
  Block: Other             |       |    17 |    26 |    62 |   157 |   113 ||   375
         Reflection        |       |       |       |     2 |    27 |    19 ||    48
